 Dungeon Crawl Stone Soup version 0.17.1-1-g73c8601 (webtiles) character file.

4408 Genom09 the Transmogrifier (level 10, -11/71 HPs)
             Began as a Merfolk Transmuter on Dec 22, 2015.
             Was a Believer of Cheibriados.
             Killed from afar by an orc wizard (12 damage)
             ... with a puff of frost
             ... on level 9 of the Dungeon.
             The game lasted 00:42:08 (6883 turns).

Genom09 the Transmogrifier (Merfolk Transmuter)     Turns: 6883, Time: 00:42:08

Health: -11/71     AC: 11    Str: 19    XL:     10   Next: 36%
Magic:  14/18      EV: 18    Int: 22    God:    Cheibriados [**....]
Gold:   217        SH:  0    Dex: 21    Spells: 4 memorised, 9 levels left

rFire  . . .     SeeInvis .       - Unarmed
rCold  . . .     Clarity  .     m - +0 ring mail
rNeg   . . .     SustAt   .     (no shield)
rPois  .         Gourm    .     v - +2 helmet {Int+3}
rElec  .         Spirit   .     F - +0 cloak (curse)
rCorr  .         Warding  .     (no gloves)
rMut   .         Stasis   .     C - +0 pair of boots
MR     .....                    (no amulet)
Stlth  +.........               (no ring)
                                (no ring)

@: lethally poisoned (-11 -> -38), very slow, not resistant to hostile
enchantments, very unstealthy
A: change form in water, swift swim
a: Bend Time, Renounce Religion


You were on level 9 of the Dungeon.
You worshipped Cheibriados.
Cheibriados was pleased with you.
You were not hungry.

You visited 2 branches of the dungeon, and saw 10 of its levels.

You collected 554 gold pieces.
You spent 337 gold pieces at shops.

Inventory:

Missiles
 a - 102 arrows
Armour
 m - a +0 ring mail (worn)
 s - a +0 scale mail
 u - a +1 chain mail of fire resistance
 v - a +2 helmet of intelligence (worn)
 C - a +0 pair of boots (worn)
 E - a cursed +0 scale mail
 F - a cursed +0 cloak (worn)
Jewellery
 H - an uncursed ring of wizardry {unknown}
Wands
 b - a wand of flame (20)
 f - a wand of enslavement (13)
 y - a wand of flame (24)
 G - a wand of draining (4)
 K - a wand of flame (43)
Scrolls
 e - 2 scrolls of enchant weapon
 g - 4 scrolls of recharging
 i - a scroll of immolation
 l - 2 scrolls of fear
 n - 4 scrolls of blinking
 o - 3 scrolls of identify
 q - 2 scrolls of amnesia {unknown}
 r - a scroll of fog {unknown}
 w - 3 scrolls of teleportation
 B - 2 scrolls of magic mapping
 D - 2 scrolls of noise {unknown}
 I - a scroll of remove curse
Potions
 h - 2 potions of might
 j - a potion of brilliance
 x - a potion of poison {unknown}
 J - 2 potions of heal wounds {unknown}
Books
 c - a book of Changes

   Spells                             Type                      Level
   a - Beastly Appendage              Transmutation                1
   b - Sticks to Snakes               Transmutation                2
   c - Spider Form                    Transmutation/Poison         3
   d - Ice Form                       Ice/Transmutation            4
   e - Blade Hands                    Transmutation                5
 z - a book of the Tempests

   Spells                             Type                      Level
   a - Static Discharge               Conjuration/Air              3
   b - Lightning Bolt                 Conjuration/Air              5
   c - Fireball                       Conjuration/Fire             5
   d - Tornado                        Air                          9
   e - Shatter                        Earth                        9
 A - a Young Poisoner's Handbook

   Spells                             Type                      Level
   a - Sting                          Conjuration/Poison           1
   b - Cure Poison                    Poison                       2
   c - Mephitic Cloud                 Conjuration/Poison/Air       3
   d - Olgreb's Toxic Radiance        Poison                       4
   e - Venom Bolt                     Conjuration/Poison           5
Comestibles
 d - 7 bread rations
 k - 9 fruits
 t - 5 meat rations
 L - a chunk of flesh


   Skills:
 * Level 4.1 Fighting
 + Level 3.9 Armour
 - Level 8.3 Dodging
 - Level 7.9 Unarmed Combat
 - Level 5.8 Spellcasting
 + Level 10.0 Transmutations
 - Level 2.0 Poison Magic


You had 9 spell levels left.
You knew the following spells:

 Your Spells              Type           Power        Failure   Level  Hunger
a - Beastly Appendage     Trmt           ######       1%          1    None
b - Sticks to Snakes      Trmt           ######....   1%          2    None
c - Spider Form           Trmt/Pois      ####......   4%          3    ##.....
d - Blade Hands           Trmt           ######....   10%         5    #####..


Dungeon Overview and Level Annotations

Branches:
Dungeon (9/15)             Temple (1/1) D:5
   Lair: D:8-11         Orc: D:9-12

Altars:
Cheibriados
Dithmenos
Elyvilon
Fedhas
Gozag
Kikubaaqudgha
Makhleb
Nemelex Xobeh
Okawaru
Qazlal
Ru
Sif Muna
Vehumet
Xom
Yredelemnul
Zin
The Shining One

Shops:
D:5 (   D:6 [

Annotations:
D:9 exclusion: obsidian statue


Message History

There is something else lying underneath.
The floor, spattered with blood.
Unknown command.
Unknown command.
The flow of time bends around you.
Cheibriados rebukes the orc wizard.
The orc wizard seems to slow down.
You feel slightly more hungry.
* * * LOW HITPOINT WARNING * * *
You feel sick. The orc wizard closely misses you.
Your transformation has ended.
Your cursed +0 cloak unmelds from your body.
Your +2 helmet of intelligence unmelds from your body.
Your +0 pair of boots unmelds from your body.
Your +0 ring mail unmelds from your body.
You feel clever.
* * * LOW HITPOINT WARNING * * *
You feel sick.
The orc wizard points at you and mumbles some strange words.
The puff of frost hits you!
You die...

....P.P.P...##......
..P.........<.......
....P..P.PP#########
##.PP...### #.....##
#.....#
###...#########
###.....)......
........@o......
.................
#########...#####
#...# #...# #....
...... .......


You could see an orc wizard.

Vanquished Creatures
  The ghost of HughJohnson the Carver, a novice DDBe of Trog (D:5)
  Prince Ribbit (D:8)
  Eustachio (D:4)
  A wyvern (D:8)
  A hippogriff (D:7)
  Menkaure (D:7)
  Edmund (D:4)
  2 water moccasins (D:8)
  5 ice beasts
  A necrophage (D:8)
  2 sky beasts (D:8)
  A phantom (D:6)
  2 black bears
  3 ogres
  A crocodile (D:9)
  3 centaurs
  Blork the orc (D:4)
  A scorpion (D:5)
  6 wights
  8 crimson imps
  An orc priest (D:3)
  A centaur zombie (D:7)
  2 hounds
  2 giant frog zombies (D:6)
  A jelly (D:8)
  6 orc wizards
  2 centaur skeletons (D:5)
  An iguana (D:9)
  7 worker ants
  A hound skeleton (D:4)
  A hound zombie (D:6)
  A worker ant zombie (D:7)
  9 adders
  A white imp (D:5)
  An ooze (D:4)
  2 worms
  3 adder skeletons
  4 giant geckos
  24 orcs
  5 giant cockroaches
  4 goblins
  2 hobgoblins (D:1)
  8 jackals
  2 kobolds
  6 quokkas
  3 ball pythons
  4 bats
  A giant gecko skeleton (D:8)
  A giant gecko zombie (D:5)
  9 giant newts
  A quokka zombie (D:5)
  6 rats (D:2)
165 creatures vanquished.

Vanquished Creatures (collateral kills)
  A hound (D:3)
  3 worms
  A hobgoblin (D:2)
5 creatures vanquished.

Grand Total: 170 creatures vanquished

Notes
Turn   | Place    | Note
--------------------------------------------------------------
     0 | D:1      | Genom09 the Merfolk Transmuter began the quest for the Orb.
     0 | D:1      | Reached XP level 1. HP: 15/15 MP: 3/3
   298 | D:1      | Reached XP level 2. HP: 15/21 MP: 3/5
   302 | D:1      | Learned a level 2 spell: Sticks to Snakes
   592 | D:2      | Reached skill level 4 in Transmutations
   852 | D:2      | Reached XP level 3. HP: 13/26 MP: 3/6
   857 | D:2      | Learned a level 3 spell: Spider Form
   884 | D:2      | Found a shadowy altar of Dithmenos.
  1079 | D:2      | Reached skill level 5 in Transmutations
  1262 | D:2      | Reached XP level 4. HP: 9/32 MP: 3/7
  1383 | D:2      | Reached skill level 1 in Poison Magic
  1389 | D:2      | HP: 1/32 [poisoned by an adder]
  2161 | D:3      | Reached skill level 6 in Transmutations
  2161 | D:3      | Reached XP level 5. HP: 30/37 MP: 5/8
  2351 | D:4      | Noticed Edmund
  2386 | D:4      | Killed Edmund
  2386 | D:4      | Reached XP level 6. HP: 22/43 MP: 2/9
  2566 | D:4      | Noticed Blork the orc
  2578 | D:4      | Killed Blork the orc
  2907 | D:4      | Noticed Eustachio
  2933 | D:4      | Killed Eustachio
  2933 | D:4      | Reached skill level 7 in Transmutations
  2933 | D:4      | Reached XP level 7. HP: 45/48 MP: 5/10
  3119 | D:4      | Reached skill level 5 in Dodging
  3119 | D:4      | Reached skill level 5 in Unarmed Combat
  3332 | D:5      | Entered Level 5 of the Dungeon
  3444 | D:5      | Noticed HughJohnson's ghost (novice DDBe)
  3501 | D:5      | Found a staircase to the Ecumenical Temple.
  3754 | D:5      | Reached XP level 8. HP: 30/54 MP: 9/11
  3761 | D:5      | Learned a level 5 spell: Blade Hands
  3853 | D:5      | Found Feufo's Antique Weapon Shop.
  3864 | D:5      | Reached skill level 8 in Transmutations
  3975 | D:5      | Found a radiant altar of Vehumet.
  4203 | D:5      | Found an opulent altar of Gozag.
  4542 | D:5      | Killed HughJohnson's ghost
  4542 | D:5      | Reached skill level 9 in Transmutations
  4542 | D:5      | Reached XP level 9. HP: 33/64 MP: 4/12
  4773 | Temple   | Entered the Ecumenical Temple
  4780 | Temple   | Became a worshipper of Cheibriados the Contemplative
  4960 | D:6      | Found a basalt altar of Yredelemnul.
  5380 | D:6      | Found Ysungoc's Armour Emporium.
  5388 | D:6      | Bought a +0 pair of boots for 58 gold pieces
  5393 | D:6      | Bought a +2 helmet of intelligence for 279 gold pieces
  5502 | D:7      | Reached * piety under Cheibriados
  5532 | D:7      | Found a sacrificial altar of Ru.
  5625 | D:7      | Noticed Menkaure
  5636 | D:7      | Killed Menkaure
  5855 | D:7      | Found an iron altar of Okawaru.
  6145 | D:8      | Reached skill level 5 in Spellcasting
  6246 | D:8      | Found a burning altar of Makhleb.
  6248 | D:8      | Found a glowing silver altar of Zin.
  6248 | D:8      | Noticed an angel
  6248 | D:8      | Noticed a green death
  6262 | D:8      | Reached ** piety under Cheibriados
  6262 | D:8      | Reached XP level 10. HP: 31/70 MP: 6/18
  6300 | D:8      | Noticed Prince Ribbit
  6329 | D:8      | Killed Prince Ribbit
  6396 | D:8      | Found an ancient bone altar of Kikubaaqudgha.
  6671 | D:8      | Found a deep blue altar of Sif Muna.
  6735 | D:8      | Found a stormy altar of Qazlal.
  6756 | D:9      | Noticed an obsidian statue
  6766 | D:9      | Noticed a sixfirhy
  6773 | D:8      | Reached skill level 10 in Transmutations
  6882 | D:9      | HP: 3/71 [poisoned by an orc wizard]
  6883 | D:9      | HP: 1/71 [poisoned by an orc wizard]
  6883 | D:9      | Killed from afar by an orc wizard

Action                   |  1- 3 |  4- 6 |  7- 9 | 10-12 || total
-------------------------+-------+-------+-------+-------++-------
Melee: Unarmed           |   114 |    89 |   381 |    57 ||   641
 Cast: Beastly Appendage |    21 |     9 |    23 |       ||    53
       Sticks to Snakes  |     3 |     8 |     4 |     4 ||    19
       Spider Form       |     2 |     7 |    31 |     5 ||    45
       Blade Hands       |       |       |     2 |     5 ||     7
Invok: Bend Time         |       |       |       |     1 ||     1
 Abil: End Transformatio |       |     1 |       |     1 ||     2
  Use: Scroll            |     1 |     3 |     7 |       ||    11
       Potion            |       |     5 |       |     1 ||     6
 Stab: Distracted        |     1 |       |     3 |       ||     4
  Eat: Chunk             |     2 |     7 |    16 |     3 ||    28
